[Event "Titled Tuesday Blitz June 13 Early 2023"]
[White "Palczert, Matyas"]
[Black "Talibov, Shiroghlan"]
[WhiteFideId "784958"]
[BlackFideId "13429078"]
[WhiteElo "2224"]
[BlackElo "2274"]
[Result "0-1"]
[Round "1"]
[TimeControl "180+2"]
[Date "2023.06.13"]
[WhiteClock "0:00:19"]
[BlackClock "0:00:29"]
[Board "49"]

1. e4 c5 2. Nf3 d6 3. d4 cxd4 4. Nxd4 Nf6 5. Nc3 a6 6. Bg5 Nbd7 7. Bc4 Qa5 8. Qd2 e6 9. O-O Be7 10. Nd5 Qxd2 11. Nc7+ Kd8 12. Ndxe6+ fxe6 13. Nxe6+ Ke8 14. Nxg7+ Kf8 15. Ne6+ Ke8 16. Bxd2 Ne5 17. Nc7+ Kd8 18. Nxa8 Nxc4 19. Bc3 Rg8 20. Rfd1 Bh3 21. g3 Nxe4 22. Rd4 Nxc3 23. Rxc4 Ne2+ 24. Kh1 Be6 25. Re4 Bd5 26. f3 Bxe4 27. fxe4 Nd4 28. Rd1 Nxc2 29. e5 Kd7 30. Nb6+ Ke6 31. exd6 Bxd6 32. Rd2 Nb4 33. Re2+ Kf7 34. Kg2 Nc6 35. Rf2+ Ke6 36. Re2+ Be5 37. Nc4 Rd8 38. g4 Rd4 39. Ne3 Re4 40. Kf2 Bd4 41. Kf3 Rxe3+ 42. Rxe3+ Bxe3 43. Kxe3 Ke5 44. h4 h6 45. a3 a5 46. g5 h5 47. Kd3 Kf5 48. Kc4 Ne5+ 49. Kb5 Nf3 50. Kxa5 Nxh4 51. Kb6 Ng6 52. Kxb7 h4 53. a4 h3 54. a5 h2 55. a6 h1=Q+ 56. Kb8 Qh2+ 57. Ka8 Qg2+ 0-1


[Site "https://www.chess.com"]

[Event "Titled Tuesday Blitz June 13 Early 2023"]
[White "Bacrot, Etienne"]
[Black "Perera Alfonso, Rene Humberto"]
[WhiteFideId "605506"]
[BlackFideId "3514722"]
[WhiteElo "2672"]
[BlackElo "2313"]
[Result "1-0"]
[Round "1"]
[TimeControl "180+2"]
[Date "2023.06.13"]
[WhiteClock "0:01:45"]
[BlackClock "0:00:15"]
[Board "50"]

1. e4 c5 2. Nf3 d6 3. Bb5+ Bd7 4. c4 Nc6 5. O-O g6 6. Nc3 Bg7 7. Bxc6 Bxc6 8. d4 cxd4 9. Nxd4 Nf6 10. Re1 O-O 11. Bg5 Rc8 12. Qd3 Nd7 13. b3 h6 14. Be3 Qa5 15. Qd2 Qh5 16. f3 Kh7 17. Rad1 g5 18. Nf5 Bf6 19. Bxa7 g4 20. fxg4 Qxg4 21. Qxh6+ 1-0


[Site "https://www.chess.com"]

[Event "Titled Tuesday Blitz June 13 Early 2023"]
[White "Zaitsev, Alexander"]
[Black "Timofeev, Artyom"]
[WhiteFideId "4164490"]
[BlackFideId "4140419"]
[WhiteElo "2373"]
[BlackElo "2570"]
[Result "0-1"]
[Round "1"]
[TimeControl "180+2"]
[Date "2023.06.13"]
[WhiteClock "0:00:00"]
[BlackClock "0:00:13"]
[Board "51"]

1. e4 e5 2. Nc3 Nc6 3. Bc4 Nf6 4. d3 Bb4 5. Qf3 Nd4 6. Qd1 O-O 7. Nf3 d6 8. h3 b5 9. Bb3 a5 10. a3 Bxc3+ 11. bxc3 Ne6 12. O-O h6 13. Re1 a4 14. Ba2 c5 15. d4 Qc7 16. Rb1 Rb8 17. Bd5 Rd8 18. Qe2 Bd7 19. dxe5 dxe5 20. Be3 Re8 21. Red1 Rbd8 22. g3 Nf8 23. Kh2 Ng6 24. c4 Nxd5 25. cxd5 c4 26. Qd2 Kh7 27. Qb4 Rc8 28. Kg2 c3 29. Rd3 Qc4 30. Qxc4 Rxc4 31. h4 f6 32. h5 Nh8 33. Ng1 Nf7 34. f3 f5 35. Ne2 fxe4 36. fxe4 Rxe4 37. Nxc3 Rc4 38. Nxb5 Rxc2+ 39. Kf3 e4+ 0-1


[Site "https://www.chess.com"]

[Event "Titled Tuesday Blitz June 13 Early 2023"]
[White "Zemlyanskii, Ivan"]
[Black "Khamdamova, Afruza"]
[WhiteFideId "24249971"]
[BlackFideId "14210444"]
[WhiteElo "2421"]
[BlackElo "2312"]
[Result "1-0"]
[Round "1"]
[TimeControl "180+2"]
[Date "2023.06.13"]
[WhiteClock "0:01:18"]
[BlackClock "0:00:17"]
[Board "52"]

1. d4 Nf6 2. c4 e6 3. Bf4 d5 4. cxd5 exd5 5. e3 Be7 6. Nc3 c6 7. Bd3 O-O 8. Qc2 Nbd7 9. Nf3 Re8 10. h3 Nf8 11. O-O Ng6 12. Bh2 Be6 13. Rab1 a5 14. a3 Bd6 15. Bxd6 Qxd6 16. Rfc1 Nd7 17. Na4 Rec8 18. b4 axb4 19. axb4 b5 20. Nc5 Nb6 21. Nxe6 fxe6 22. Bxg6 hxg6 23. Qxg6 Nd7 24. Ng5 Nf8 25. Qf7+ Kh8 26. e4 Qc7 27. Qh5+ Kg8 28. exd5 exd5 29. Re1 Qd7 30. Re3 Re8 31. Rf3 Re7 32. Rxf8+ 1-0


[Site "https://www.chess.com"]

[Event "Titled Tuesday Blitz June 13 Early 2023"]
[White "gueraumasague"]
[Black "Molina, Roberto Junio Brito"]
[BlackFideId "2109450"]
[WhiteElo "2482"]
[BlackElo "2376"]
[Result "1/2-1/2"]
[Round "1"]
[TimeControl "180+2"]
[Date "2023.06.13"]
[WhiteClock "0:00:14"]
[BlackClock "0:00:19"]
[Board "53"]

1. e4 c6 2. Nc3 d5 3. Qf3 dxe4 4. Nxe4 Nd7 5. d4 Ndf6 6. c3 Nxe4 7. Qxe4 Nf6 8. Qh4 Bf5 9. Nf3 e6 10. Be2 Be7 11. O-O O-O 12. h3 Rc8 13. Rd1 Nd5 14. Qg3 Bd6 15. Qh4 Qc7 16. Bd3 Bxd3 17. Rxd3 Rfe8 18. c4 Nf6 19. c5 Be7 20. Bf4 Qd8 21. Be5 Nd5 22. Qg3 Bf6 23. Re1 g6 24. h4 h5 25. Bxf6 Qxf6 26. Ne5 Qf4 27. Qh3 Qf5 28. Qg3 Qf4 29. Qxf4 Nxf4 30. Rf3 Nd5 31. Nxf7 Re7 32. Ne5 Kh7 33. a3 Rd8 34. Re4 Nc7 35. Nf7 Rde8 36. Nd6 Rb8 37. Re5 Kg7 38. g3 Nd5 39. Kg2 b6 40. b4 a5 41. bxa5 bxa5 42. Ne4 a4 43. Ng5 Rbe8 44. Rd3 Nc7 45. Rd2 Nb5 46. Nf3 Rd8 47. Rg5 Rd5 48. Ne5 Nxd4 49. Nxg6 Rxg5 50. Nxe7 Rxc5 51. Rxd4 Kf6 52. Nc8 Rc3 53. Rxa4 c5 54. Nb6 Rb3 55. Nc4 Kf5 56. Ra5 Ke4 57. Rxc5 Kd4 58. Rc8 Rc3 59. a4 e5 60. a5 Rc1 61. a6 Ra1 62. Rc6 Kd5 63. Rc8 Kd4 64. Ne3 e4 65. Rh8 Ra5 66. Rxh5 Rxh5 67. g4 Ra5 68. Kg3 Rxa6 69. g5 Ke5 70. Kg4 Ra8 71. h5 Rf8 72. h6 Rxf2 73. g6 Kf6 74. Kh5 Rh2+ 75. Kg4 Rxh6 76. Kf4 Rxg6 77. Kxe4 Ke6 78. Kd3 Rg8 79. Nc4 Rd8+ 80. Ke4 Rc8 81. Ne3 Ra8 82. Kd4 Ra4+ 83. Nc4 Kd7 84. Kc5 Kc7 85. Kd4 Ra1 86. Kc5 Rd1 87. Ne5 Rc1+ 88. Nc4 Re1 89. Kd5 Rh1 90. Ne5 Rh4 91. Nc4 Rh5+ 92. Ne5 Rg5 93. Ke6 Kb6 94. Kd5 Rh5 95. Kd4 Kc7 96. Kd5 Kd8 97. Ke6 Ke8 98. Kd5 Ke7 99. Ke4 Ke6 100. Nd3 Rh4+ 101. Nf4+ Kf6 102. Kf3 Kf5 103. Ng2 Rh3+ 104. Kf2 Ke4 105. Ne1 Rc3 106. Ke2 Ra3 107. Kd2 Ra2+ 108. Kc3 Re2 109. Nc2 Kd5 110. Nb4+ Kc5 111. Nd3+ Kd5 112. Nb4+ Ke4 113. Kc4 Rb2 114. Kc5 Rb3 115. Kc4 Rb1 116. Kc5 Rc1+ 117. Kb5 Kd4 118. Nc6+ Kd5 119. Nb4+ Kd6 120. Nd3 Rc3 121. Nb4 Rc5+ 122. Ka4 Rh5 123. Kb3 Kc5 124. Nd3+ Kd4 125. Nb4 Rb5 126. Ka4 Kc4 127. Nc6 1/2-1/2


[Site "https://www.chess.com"]

[Event "Titled Tuesday Blitz June 13 Early 2023"]
[White "Dragnev, Valentin"]
[Black "Ladan, Nicholas"]
[WhiteFideId "1634852"]
[BlackFideId "30918855"]
[WhiteElo "2487"]
[BlackElo "2167"]
[Result "0-1"]
[Round "1"]
[TimeControl "180+2"]
[Date "2023.06.13"]
[WhiteClock "0:00:02"]
[BlackClock "0:00:05"]
[Board "54"]

1. e4 e5 2. Nf3 Nc6 3. Bb5 a6 4. Ba4 Bc5 5. c3 Nge7 6. d4 exd4 7. cxd4 Bb4+ 8. Bd2 Bxd2+ 9. Qxd2 d5 10. exd5 Nxd5 11. Bxc6+ bxc6 12. O-O O-O 13. Na3 Qf6 14. Rac1 Rb8 15. Ne5 Ne7 16. Rfe1 Rd8 17. Nac4 Rb5 18. Qc3 Nd5 19. Qg3 c5 20. a4 Rb4 21. dxc5 Rxa4 22. h3 h5 23. Red1 Bb7 24. Rd3 Re8 25. Rd4 Rxc4 26. Rdxc4 Qxe5 27. Qxe5 Rxe5 28. c6 Bc8 29. Rd1 Be6 30. Ra4 Re2 31. Rxa6 Rxb2 32. Re1 Rc2 33. Re5 Nf4 34. h4 Bd5 35. g3 Nh3+ 36. Kh2 Rxf2+ 37. Kxh3 Be6+ 38. g4 hxg4+ 39. Kg3 Rf3+ 40. Kg2 Rc3 41. Rh5 g6 42. Re5 Kg7 43. h5 Kf6 44. Raa5 gxh5 45. Rxh5 Ke7 46. Rhg5 Kd6 47. Ra4 Rxc6 48. Kg1 Ke7 49. Rd4 Rc2 50. Rg8 c5 51. Ra4 c4 52. Ra7+ Kf6 53. Rd8 Ke5 54. Rc7 c3 55. Rd1 Rd2 56. Re1+ Kd4 57. Ra1 c2 58. Rxc2 Rxc2 59. Ra4+ Kc3 60. Rf4 Kd2 61. Kg2 Ke3+ 62. Kg3 Rg2+ 63. Kh4 Kxf4 64. Kh5 Rh2# 0-1


[Site "https://www.chess.com"]

[Event "Titled Tuesday Blitz June 13 Early 2023"]
[White "Kielinkei"]
[Black "Yeletsky, Ivan"]
[BlackFideId "24180327"]
[WhiteElo "2472"]
[BlackElo "2380"]
[Result "0-1"]
[Round "1"]
[TimeControl "180+2"]
[Date "2023.06.13"]
[WhiteClock "0:01:20"]
[BlackClock "0:01:56"]
[Board "55"]

1. e4 c5 2. a3 Nc6 3. b4 Nf6 4. b5 Nd4 5. e5 Nd5 6. Nf3 d6 7. Nxd4 cxd4 8. exd6 Qxd6 9. Bc4 Nf4 10. O-O Bh3 11. gxh3 Qg6+ 0-1


[Site "https://www.chess.com"]

[Event "Titled Tuesday Blitz June 13 Early 2023"]
[White "Chigaev, Maksim"]
[Black "Matyukov, Petr"]
[WhiteFideId "4108116"]
[BlackFideId "4103688"]
[WhiteElo "2561"]
[BlackElo "2278"]
[Result "1-0"]
[Round "1"]
[TimeControl "180+2"]
[Date "2023.06.13"]
[WhiteClock "0:00:15"]
[BlackClock "0:00:05"]
[Board "56"]

1. e4 c5 2. c3 Nf6 3. e5 Nd5 4. Bc4 Nb6 5. Bb3 Nc6 6. Nf3 d6 7. exd6 Qxd6 8. O-O e6 9. Na3 a6 10. Qe2 Be7 11. Nc2 O-O 12. d4 cxd4 13. Ncxd4 Bf6 14. Rd1 Qc7 15. Nxc6 bxc6 16. Bg5 Bxg5 17. Nxg5 h6 18. Nf3 Bb7 19. Qe5 Qe7 20. Qd6 Qxd6 21. Rxd6 Rad8 22. Rad1 Rxd6 23. Rxd6 Nd5 24. Rd7 Rb8 25. Ne5 f6 26. Nd3 Bc8 27. Rd8+ Kf7 28. h4 Ke7 29. Rg8 Kf7 30. Rh8 Ne7 31. Bc4 Ng6 32. Rd8 Ke7 33. Rg8 Kf7 34. Rxc8 Rxc8 35. Bxa6 Ra8 36. Bc4 Nxh4 37. Nc5 Re8 38. a4 Nf5 39. b4 Nd6 40. Be2 e5 41. a5 Ra8 42. Bf3 Rc8 43. g4 Nb5 44. Na4 Ke6 45. Kg2 Kd6 46. Be4 Nc7 47. c4 Ne6 48. c5+ Kd7 49. Nb6+ Kc7 50. Nxc8 Kxc8 51. Bf5 Kd7 52. a6 g6 53. Bxe6+ Kxe6 54. a7 1-0


[Site "https://www.chess.com"]

[Event "Titled Tuesday Blitz June 13 Early 2023"]
[White "Baches Garcia, Guillermo"]
[Black "Krzyzanowski, Marcin"]
[WhiteFideId "2209764"]
[BlackFideId "1132199"]
[WhiteElo "2471"]
[BlackElo "2471"]
[Result "0-1"]
[Round "1"]
[TimeControl "180+2"]
[Date "2023.06.13"]
[WhiteClock "0:00:00"]
[BlackClock "0:01:01"]
[Board "57"]

1. e4 c5 2. Nf3 d6 3. d4 cxd4 4. Nxd4 Nf6 5. Nc3 a6 6. Be3 e5 7. Nb3 Be6 8. f3 h5 9. Nd5 Bxd5 10. exd5 Nbd7 11. Qd2 Rc8 12. O-O-O Be7 13. Kb1 Nb6 14. Bxb6 Qxb6 15. Be2 h4 16. g4 Nd7 17. Rhe1 O-O 18. Bd3 Nc5 19. Bf5 Nxb3 20. cxb3 Rc7 21. Rc1 g6 22. Rxc7 Qxc7 23. Rc1 Qb6 24. Be4 Kg7 25. Qc2 Bg5 26. Rd1 Rd8 27. a3 Rd7 28. Rd3 Rc7 29. Rc3 Rxc3 30. bxc3 Qg1+ 31. Kb2 h3 32. c4 Be3 33. b4 b6 34. Kb3 Bf2 35. c5 bxc5 36. bxc5 Bxc5 0-1


[Site "https://www.chess.com"]

[Event "Titled Tuesday Blitz June 13 Early 2023"]
[White "Beerdsen, Thomas"]
[Black "Gonzalez Zamora, Juan Carlos"]
[WhiteFideId "1030108"]
[BlackFideId "3507548"]
[WhiteElo "2553"]
[BlackElo "2522"]
[Result "1-0"]
[Round "1"]
[TimeControl "180+2"]
[Date "2023.06.13"]
[WhiteClock "0:00:45"]
[BlackClock "0:00:00"]
[Board "58"]

1. e4 d6 2. Bc4 Nf6 3. Nc3 g6 4. Nf3 Bg7 5. e5 dxe5 6. Nxe5 O-O 7. O-O Nbd7 8. d4 Nb6 9. Bb3 Nfd5 10. Qf3 c6 11. Re1 Be6 12. h4 a5 13. h5 a4 14. Bxd5 Bxd5 15. Qg3 Nc4 16. Bf4 Nxe5 17. Bxe5 f6 18. Bf4 g5 19. Bd2 Bf7 20. f4 Qxd4+ 21. Be3 Qd6 22. Ne4 Qd5 23. h6 Bxh6 24. fxg5 Qxe4 25. gxh6+ Qg6 26. Qf2 Kh8 27. Bc5 Bd5 28. Rxe7 Rg8 29. Rg7 Rxg7 30. hxg7+ Qxg7 31. Bd4 Rf8 32. Rf1 Kg8 33. b3 axb3 34. axb3 Qg6 35. c4 Be4 36. Re1 Rf7 37. Re3 Rg7 38. g3 Kf7 39. Qf4 Qf5 40. Rxe4 Rxg3+ 41. Kf2 Qxf4+ 42. Rxf4 Rxb3 43. Rxf6+ Ke7 44. Rh6 Kf7 45. Rxh7+ Ke6 46. Rh6+ Kf5 47. Rh4 Rb4 48. Bc3 Rb3 49. Bd2 Ke6 50. Ke2 Kd6 51. Rh5 Kc7 52. Kd1 Ra3 53. Kc2 b5 54. c5 Ra4 55. Rh7+ Kc8 56. Kd3 Rc4 57. Be3 Ra4 58. Bd4 Ra7 59. Rxa7 1-0


[Site "https://www.chess.com"]

[Event "Titled Tuesday Blitz June 13 Early 2023"]
[White "Shubenkova, Veronika"]
[Black "Kushko, Dmitriy"]
[WhiteFideId "44124040"]
[BlackFideId "14162261"]
[WhiteElo "2060"]
[BlackElo "2230"]
[Result "1-0"]
[Round "1"]
[TimeControl "180+2"]
[Date "2023.06.13"]
[WhiteClock "0:00:13"]
[BlackClock "0:00:10"]
[Board "59"]

1. d4 g6 2. c4 Bg7 3. Nc3 d6 4. e4 e5 5. d5 a5 6. f3 Na6 7. Be3 f5 8. Bd3 Bh6 9. Qd2 Nc5 10. Nge2 Bxe3 11. Qxe3 Nf6 12. O-O-O f4 13. Qf2 Bd7 14. Nb5 Bxb5 15. cxb5 Qd7 16. Bc4 O-O-O 17. Nc3 b6 18. Qc2 g5 19. a3 Qe7 20. Be2 Kb7 21. b4 axb4 22. axb4 Ncd7 23. Na4 Ra8 24. Kb2 Nb8 25. Ra1 h5 26. h3 Rg8 27. Nc3 Nbd7 28. Rhc1 Rxa1 29. Rxa1 Ra8 30. Rc1 Ra7 31. Nb1 Kb8 32. Nd2 Qg7 33. Qc3 g4 34. hxg4 hxg4 35. Nb3 gxf3 36. Bxf3 Qh7 37. Qc2 Nf8 38. Qc4 Ng6 39. Qc3 Qd7 40. Rh1 Qxb5 41. Rh6 Qe8 42. Qc1 Ng8 43. Rh7 Qa4 44. Bh5 N8e7 45. Bxg6 Nxg6 46. Rg7 Qa2+ 47. Kc3 Qxg2 48. Nd2 f3 49. Kb3 f2 50. Rg8+ Kb7 51. Qc6+ Ka6 52. b5+ 1-0


[Site "https://www.chess.com"]

[Event "Titled Tuesday Blitz June 13 Early 2023"]
[White "Xu, Yi"]
[Black "Kovalevsky, Stanislav"]
[WhiteFideId "8605564"]
[BlackFideId "13508598"]
[WhiteElo "2460"]
[BlackElo "2112"]
[Result "1-0"]
[Round "1"]
[TimeControl "180+2"]
[Date "2023.06.13"]
[WhiteClock "0:00:11"]
[BlackClock "0:00:12"]
[Board "60"]

1. d4 Nf6 2. Nc3 d5 3. Bf4 Nh5 4. Bg5 h6 5. Bh4 g5 6. e3 Nf6 7. Bg3 Bg7 8. h4 g4 9. Nb5 Na6 10. c4 c6 11. Nc3 Qa5 12. Bd3 dxc4 13. Bxc4 Ne4 14. Ne2 Nxg3 15. Nxg3 h5 16. O-O Bf6 17. Nge4 Bxh4 18. d5 f5 19. Qd4 Rf8 20. Qe5 Bf6 21. Nxf6+ Rxf6 22. Rad1 Bd7 23. a3 h4 24. b4 Qc7 25. d6 Qd8 26. Rd4 e6 27. Bxa6 bxa6 28. Na4 h3 29. Nc5 hxg2 30. Kxg2 Rh6 31. Qg7 Qf6 32. Qxd7+ Kf8 33. Rh1 Rh2+ 34. Rxh2 f4 35. Nxe6+ Kg8 36. Qh7# 1-0


[Site "https://www.chess.com"]

[Event "Titled Tuesday Blitz June 13 Early 2023"]
[White "Jimenez Garcia, Emmanuel"]
[Black "Harutjunyan, Gevorg"]
[WhiteFideId "6504779"]
[BlackFideId "13300873"]
[WhiteElo "2440"]
[BlackElo "2474"]
[Result "0-1"]
[Round "1"]
[TimeControl "180+2"]
[Date "2023.06.13"]
[WhiteClock "0:00:18"]
[BlackClock "0:00:18"]
[Board "61"]

1. Nf3 Nf6 2. c4 g6 3. b3 Bg7 4. Bb2 O-O 5. g3 a5 6. a3 b6 7. Bg2 Bb7 8. O-O d6 9. d4 Nbd7 10. Re1 a4 11. b4 d5 12. c5 Ne4 13. Nfd2 bxc5 14. Nxe4 dxe4 15. Nc3 Bxd4 16. e3 Bg7 17. b5 Nb6 18. Qc2 f5 19. Red1 Qc8 20. h4 Qe6 21. Rab1 Nc4 22. Bc1 Nb6 23. Ne2 c4 24. Nf4 Qf7 25. Bd2 e5 26. Ne2 Rfd8 27. Bb4 Rd3 28. Nc3 Qd7 29. Bf1 f4 30. Bc5 fxg3 31. fxg3 Qg4 32. Ne2 Bd5 33. Bxb6 cxb6 34. Re1 Rxe3 35. Rb4 Rxg3+ 36. Nxg3 Qxg3+ 37. Kh1 e3+ 38. Bg2 Qxh4+ 39. Kg1 Qxe1+ 40. Kh2 Qh4+ 41. Kg1 Qf2+ 42. Qxf2 exf2+ 43. Kxf2 Bxg2 44. Kxg2 Rc8 45. Rb1 Bf8 46. Kf3 Bxa3 47. Ke4 c3 48. Ra1 c2 49. Rxa3 c1=Q 50. Kxe5 Qxa3 51. Kf6 Qd6+ 52. Kg5 Rc5+ 53. Kh6 Qf4# 0-1


[Site "https://www.chess.com"]

[Event "Titled Tuesday Blitz June 13 Early 2023"]
[White "Hafiz, Arif Abdul"]
[Black "Biastoch, Bennet"]
[WhiteFideId "7104227"]
[BlackFideId "12939889"]
[WhiteElo "2198"]
[BlackElo "2222"]
[Result "1-0"]
[Round "1"]
[TimeControl "180+2"]
[Date "2023.06.13"]
[WhiteClock "0:02:17"]
[BlackClock "0:01:54"]
[Board "62"]

1. e4 c5 2. Nc3 a6 3. f4 b5 4. Nf3 Bb7 5. d3 e6 6. g4 d5 7. exd5 exd5 8. Qe2+ Qe7 9. Bg2 d4 10. Ne4 Bxe4 11. dxe4 Nd7 12. O-O h5 13. g5 Qe6 14. f5 Qb6 15. e5 O-O-O 16. a4 b4 17. a5 Qa7 18. e6 fxe6 19. fxe6 Nb8 20. Ne5 Bd6 21. Nc4 Bc7 22. e7 Nxe7 23. Qe6+ Rd7 24. Nb6+ Bxb6 25. axb6 1-0


[Site "https://www.chess.com"]

[Event "Titled Tuesday Blitz June 13 Early 2023"]
[White "Przybylski, Wojciech"]
[Black "Kosakowski, Jakub"]
[WhiteFideId "1117599"]
[BlackFideId "1185080"]
[WhiteElo "2228"]
[BlackElo "2488"]
[Result "0-1"]
[Round "1"]
[TimeControl "180+2"]
[Date "2023.06.13"]
[WhiteClock "0:00:02"]
[BlackClock "0:00:06"]
[Board "63"]

1. e4 c5 2. Nc3 a6 3. Nf3 d6 4. d4 cxd4 5. Nxd4 Nf6 6. h3 e5 7. Nb3 h5 8. Be3 Be6 9. Be2 Nbd7 10. O-O Be7 11. Qd2 Rc8 12. a4 Nb6 13. a5 Nc4 14. Bxc4 Rxc4 15. f3 h4 16. Rfd1 Qc7 17. Rac1 O-O 18. Nd5 Bxd5 19. exd5 Rc8 20. c3 Ra4 21. Qc2 Qc4 22. Nd2 Qb5 23. b3 Rxa5 24. c4 Qb4 25. Rb1 Nxd5 26. Bf2 Nc3 27. Qf5 Rf8 28. Ne4 Nxd1 29. Rxd1 Qxb3 30. Re1 Qxc4 31. Qd7 Qe6 32. Qxb7 d5 33. Nc3 Bc5 34. Bxc5 Rxc5 35. Ne2 Rfc8 36. Kh2 Rc2 37. Nd4 Qg6 38. Nxc2 Rxc2 39. Rg1 d4 40. Qb8+ Kh7 41. Qxe5 d3 42. Qd4 Qg3+ 43. Kh1 Rd2 44. Qe4+ g6 45. Qe3 Qf2 46. Qf4 f5 47. Qc7+ Kh6 48. Qf4+ Kh5 49. Qe5 Re2 50. Qh8+ Kg5 51. Qd8+ Kf4 52. Qxd3 Qe3 53. Qc4+ Kg5 54. Qxa6 Re1 55. Rxe1 Qxe1+ 56. Kh2 Qe5+ 57. Kh1 Kf4 58. Qa1 Qxa1+ 59. Kh2 Qe5 0-1


[Site "https://www.chess.com"]

[Event "Titled Tuesday Blitz June 13 Early 2023"]
[White "Lintchevski, Daniil"]
[Black "Estrada Nieto, Julian"]
[WhiteFideId "4171055"]
[BlackFideId "5101018"]
[WhiteElo "2559"]
[BlackElo "2161"]
[Result "1-0"]
[Round "1"]
[TimeControl "180+2"]
[Date "2023.06.13"]
[WhiteClock "0:00:40"]
[BlackClock "0:00:00"]
[Board "64"]

1. e4 e5 2. Nf3 Nc6 3. Nc3 Nf6 4. d4 exd4 5. Nxd4 Bb4 6. Nxc6 bxc6 7. Bd3 d5 8. exd5 O-O 9. O-O cxd5 10. Bg5 c6 11. Qf3 Bd6 12. Rae1 h6 13. Bxf6 Qxf6 14. Qxf6 gxf6 15. Ne2 Rb8 16. b3 Bd7 17. Ng3 Rfe8 18. Nh5 Be7 19. Re3 Kf8 20. h3 f5 21. Rf3 Bc5 22. Nf6 Re7 23. Nxd7+ Rxd7 24. Rxf5 Re8 25. g3 Kg7 26. Kg2 Rde7 27. Rf4 Re1 28. Rg4+ Kf6 29. Rf4+ Kg7 30. h4 a5 31. Rg4+ Kf6 32. Rf4+ Kg7 33. Bf5 Bb4 34. Rxe1 Rxe1 35. Bd7 c5 36. Bc6 Rd1 37. Rf5 d4 38. Be4 Re1 39. Kf3 Ra1 40. a4 Rf1 41. Bd5 f6 42. Be4 Re1 43. Rd5 Rf1 44. Rd7+ Kf8 45. Bd3 Rd1 46. Rh7 Be1 47. Ke2 Rc1 48. Rxh6 Kg7 49. Rh7+ Kg8 50. Rb7 Bb4 51. Kf3 Rg1 52. h5 Rh1 53. Bg6 Rh2 54. Ke2 Bc3 55. Rd7 d3+ 56. Kxd3 Bd4 57. f3 Rf2 58. Be4 Rg2 59. h6 Rh2 60. h7+ Kh8 61. Rd8+ Kg7 62. Rg8+ Kf7 63. h8=Q 1-0


[Site "https://www.chess.com"]

[Event "Titled Tuesday Blitz June 13 Early 2023"]
[White "Rios Escobar, Adan"]
[Black "Gharibyan, Mamikon"]
[WhiteFideId "3403645"]
[BlackFideId "13308300"]
[WhiteElo "2462"]
[BlackElo "2445"]
[Result "0-1"]
[Round "1"]
[TimeControl "180+2"]
[Date "2023.06.13"]
[WhiteClock "0:00:00"]
[BlackClock "0:01:38"]
[Board "65"]

1. d4 Nf6 2. g3 c5 3. d5 b5 4. a4 b4 5. c4 bxc3 6. Nxc3 d6 7. e4 g6 8. Bb5+ Nbd7 9. f4 Qa5 10. e5 Ne4 11. e6 Nxc3 12. exd7+ Bxd7 13. Bxd7+ Kxd7 14. bxc3 Qxc3+ 15. Bd2 Qd4 16. Nf3 Qxd5 17. Bc3 Qxd1+ 18. Rxd1 f6 19. Rb1 Kc6 20. Ke2 Bg7 21. Rhc1 Rhb8 22. Ba1 e5 23. fxe5 fxe5 24. Nd2 Bh6 25. Rxb8 Rxb8 26. Rb1 Rxb1 27. Nxb1 c4 28. Na3 Kc5 29. Nb5 d5 0-1


[Site "https://www.chess.com"]

[Event "Titled Tuesday Blitz June 13 Early 2023"]
[White "Mekhitarian, Krikor Sevag"]
[Black "Jovic, Stanoje"]
[WhiteFideId "2107660"]
[BlackFideId "905020"]
[WhiteElo "2604"]
[BlackElo "2236"]
[Result "1-0"]
[Round "1"]
[TimeControl "180+2"]
[Date "2023.06.13"]
[WhiteClock "0:01:20"]
[BlackClock "0:00:00"]
[Board "66"]

1. Nf3 Nf6 2. c4 c5 3. Nc3 Nc6 4. d4 cxd4 5. Nxd4 g6 6. e4 Bg7 7. Be3 O-O 8. Be2 d6 9. Nc2 Bd7 10. O-O Rc8 11. Rc1 a6 12. h3 Qa5 13. a3 Ne5 14. c5 dxc5 15. f4 Nc6 16. e5 Nh5 17. Qxd7 Ng3 18. Rfe1 Nf5 19. Bf2 Rc7 20. Qd5 Ncd4 21. Nxd4 Nxd4 22. Bxd4 Rd8 23. Qxd8+ 1-0


[Site "https://www.chess.com"]

[Event "Titled Tuesday Blitz June 13 Early 2023"]
[White "Bueno, Alfeu Junior Varela"]
[Black "Suyarov, Mukhammadzokhid"]
[WhiteFideId "2108879"]
[BlackFideId "14210495"]
[WhiteElo "2175"]
[BlackElo "2361"]
[Result "0-1"]
[Round "1"]
[TimeControl "180+2"]
[Date "2023.06.13"]
[WhiteClock "0:00:02"]
[BlackClock "0:00:37"]
[Board "67"]

1. e4 e6 2. d4 d5 3. Nd2 c5 4. exd5 Qd6 5. dxe6 Bxe6 6. Bb5+ Nc6 7. dxc5 Qxc5 8. Qe2 O-O-O 9. Bxc6 Qxc6 10. Ngf3 Qxc2 11. O-O Nf6 12. Qb5 Qc6 13. Qa5 Bc5 14. Nb3 Bb6 15. Qe5 Rd5 16. Qe2 Rdd8 17. Bf4 Bc4 18. Qe5 Nd7 19. Qf5 g6 20. Qh3 Bxf1 21. Rxf1 f5 22. Rc1 Nc5 23. Nxc5 Bxc5 24. b4 Rd3 25. bxc5 Rhd8 26. Rf1 Rd1 27. Bd6 Rxf1+ 28. Kxf1 Re8 29. g4 fxg4 30. Qxg4+ Qd7 31. Qb4 Qh3+ 32. Kg1 Qxf3 33. Qb5 0-1


[Site "https://www.chess.com"]

[Event "Titled Tuesday Blitz June 13 Early 2023"]
[White "Miladinovic, Igor"]
[Black "LangesNasenhaar"]
[WhiteFideId "4203380"]
[WhiteElo "2568"]
[BlackElo "2460"]
[Result "1-0"]
[Round "1"]
[TimeControl "180+2"]
[Date "2023.06.13"]
[WhiteClock "0:01:27"]
[BlackClock "0:00:00"]
[Board "68"]

1. d4 g6 2. e4 Bg7 3. Nc3 c6 4. Be3 d5 5. Qd2 dxe4 6. Nxe4 Nd7 7. Nf3 Ngf6 8. Nxf6+ Nxf6 9. Bc4 h6 10. Ne5 Nd5 11. O-O-O Be6 12. Bb3 Qc7 13. Rhe1 a5 14. a4 O-O-O 15. Nd3 b6 16. f3 g5 17. Bf2 Nf4 18. Nxf4 gxf4 19. Bxe6+ fxe6 20. Rxe6 Rd6 21. Qe2 Qd7 22. Re4 e6 23. Rxf4 Kb7 24. Re4 Re8 25. c3 Rd5 26. Re1 e5 27. Bg3 h5 28. f4 Bh6 29. Kb1 h4 30. Bxh4 Qf5 31. g4 Qh7 32. f5 Bf4 33. Bg3 Bxg3 34. hxg3 1-0


[Site "https://www.chess.com"]

[Event "Titled Tuesday Blitz June 13 Early 2023"]
[White "Sztokbant, Bernardo Vainzoff"]
[Black "Horvath, Dominik"]
[WhiteFideId "2115956"]
[BlackFideId "1642561"]
[WhiteElo "2222"]
[BlackElo "2407"]
[Result "0-1"]
[Round "1"]
[TimeControl "180+2"]
[Date "2023.06.13"]
[WhiteClock "0:00:10"]
[BlackClock "0:00:55"]
[Board "69"]

1. e4 e5 2. Nf3 Nc6 3. Bc4 Bc5 4. O-O Nf6 5. d3 a6 6. c3 Ba7 7. a4 d6 8. Nbd2 h6 9. Re1 g5 10. Nf1 g4 11. Nh4 Nxe4 12. dxe4 Qxh4 13. Be3 Be6 14. Bxe6 fxe6 15. Qb3 Kd7 16. Rad1 Raf8 17. Re2 Bxe3 18. Nxe3 Na5 19. Qc2 Rf7 20. Qd3 Rhf8 21. Rdd2 Nb3 22. Rc2 Nc5 23. Qc4 g3 24. hxg3 Qxe4 25. Rcd2 Qxc4 26. Nxc4 Kc8 27. a5 Nb3 28. Rd1 e4 29. Rxd6 cxd6 30. Nxd6+ Kc7 31. Nxf7 Rxf7 32. Rxe4 Kd6 33. g4 Nxa5 34. f4 b5 35. Kh2 Nc4 36. Re2 Rxf4 0-1


[Site "https://www.chess.com"]

[Event "Titled Tuesday Blitz June 13 Early 2023"]
[White "Rahman, Masruri"]
[Black "UNSTOPPABLE_LEGEND"]
[WhiteFideId "7101163"]
[WhiteElo "2256"]
[BlackElo "2460"]
[Result "1-0"]
[Round "1"]
[TimeControl "180+2"]
[Date "2023.06.13"]
[WhiteClock "0:02:00"]
[BlackClock "0:00:09"]
[Board "70"]

1. d4 Nf6 2. Bf4 d5 3. e3 c5 4. Nc3 cxd4 5. exd4 a6 6. Nf3 Nc6 7. Ne5 Bd7 8. Nxc6 Bxc6 9. Bd3 Qb6 10. Be5 Qxb2 11. Ne2 e6 12. O-O Be7 13. Ng3 Bb5 14. Rb1 Qxa2 15. Bxb5+ axb5 16. Rxb5 Qa6 17. Qb1 O-O 18. Rxb7 Rfe8 19. Qb3 Rac8 20. h3 Bf8 21. Bxf6 gxf6 22. Nh5 e5 23. Qg3+ Kh8 24. Rxf7 Rc6 25. Rxf8+ 1-0


[Site "https://www.chess.com"]